Cogmind - Beta 14 @@@ ROGUE MODE // 2024.12.28 @ 01:18:00 Player: k1ll3rb0t Result: Destroyed by Y-54 Guardian with Gatling Laser Performance ------------- Evolutions (3) 1500 Regions Visited (8) 1600 Robots Destroyed (82) 410 Value Destroyed (2739) 2739 Prototype IDs (23) 460 Alien Tech Used (0) 0 Bonus (393) 393 TOTAL SCORE: 7102 Bonus ------- High Alert Combat Kills 93 Aligned with FarCom 300 Cogmind --------- Core Integrity 0/700 Matter 45/300 Energy 89/100 System Corruption 6% Temperature Cool (24) Movement Core (150) Ox2 Location -7/Factory Parts ------- > --- POWER (2) -------- (None) > --- PROPULSION (3) --- (None) > --- UTILITY (5) ------ Coolant Injector Signal Interpreter > --- WEAPON (3) ------- Heavy Ion Cannon > --- INVENTORY (5) ---- Wheel Weapon Cycler Missile Launcher Peak State ------------ > --- POWER ------------ Improved Deuterium Engine Micro Nuclear Core > --- PROPULSION ------- Improved Titanium Leg Improved Titanium Leg Improved Titanium Leg > --- UTILITY ---------- Improved Heat Sink Coolant Injector Signal Interpreter Targeting Computer Improved Medium Armor Plating > --- WEAPON ----------- Gatling Laser Gatling Laser Gauss Rifle > --- INVENTORY -------- Improved Shield Generator Supersonic Drone Bay Ion Cannon [Rating: 46] Favorites ----------- Power Micro Nuclear Core Engine Ion Engine Power Core Micro Nuclear Core Propulsion Improved Titanium Leg Leg Improved Titanium Leg Wheel Wheel Hover Unit Improved Hover Unit Flight Unit Xenon Bombardment Thruster Utility Signal Interpreter Device Sensor Array Storage Compact Battery Processor Signal Interpreter Protection Core Shielding Weapon Minigun Energy Gun Gatling Laser Energy Cannon Ion Cannon Ballistic Gun Minigun Launcher Rocket Launcher Build | -11 -10 -10 -9 -9 -9 -8 -8 -7 ------- Run | Yrd Mat Min Mat Min Exi Min Mat Fac Slots Evolved 6 | . . . 2 . . . 2 2 Power 1 | . . . . . . . . 1 Propulsion 1 | . . . . . . . . 1 Utility 3 | . . . 1 . . . 2 . Weapon 1 | . . . 1 . . . . . Parts Attached 104 | 5 6 6 3 . . 6 16 62 Power 8 | 1 . 1 . . . . 3 3 Engine 5 | 1 . 1 . . . . 2 1 Core 3 | . . . . . . . 1 2 Reactor . | . . . . . . . . . Propulsion 22 | 2 2 2 . . . . 2 14 Treads . | . . . . . . . . . Leg 14 | 2 . 2 . . . . . 10 Wheel 2 | . 2 . . . . . . . Hover 5 | . . . . . . . 2 3 Flight 1 | . . . . . . . . 1 Utility 22 | . 2 . 1 . . 1 4 14 Device 11 | . 1 . . . . . 3 7 Storage 1 | . . . . . . . 1 . Processor 2 | . . . 1 . . . . 1 Hackware . | . . . . . . . . . Protection 8 | . 1 . . . . 1 . 6 Artifact . | . . . . . . . . . Weapon 52 | 2 2 3 2 . . 5 7 31 Energy Gun 12 | . 1 2 1 . . 1 1 6 Energy Cannon 6 | . . . . . . . . 6 Ballistic Gun 15 | 2 . . 1 . . 2 3 7 Ballistic Cannon . | . . . . . . . . . Launcher 19 | . 1 1 . . . 2 3 12 Special Weapon . | . . . . . . . . . Impact Weapon . | . . . . . . . . . Slashing Weapon . | . . . . . . . . . Piercing Weapon . | . . . . . . . . . Special Melee Weapon . | . . . . . . . . . Unidentified Prototypes . | . . . . . . . . . Parts Lost 34 | . . . . . . . 6 28 Power 3 | . . . . . . . 1 2 Propulsion 10 | . . . . . . . 2 8 Utility 12 | . . . . . . . 2 10 Weapon 9 | . . . . . . . 1 8 Highest Loss Streak 12 | . . . . . . . 6 12 To Critical Strikes . | . . . . . . . . . Average Slot Usage (%) 96 | . 95 99 98 100 100 100 93 95 Engine 7 | . 14 14 11 11 11 11 6 3 Core 5 | . . . . . . . 2 11 Leg 17 | . 1 9 22 22 22 22 8 18 Wheel 1 | . 26 18 . . . . . . Hover 1 | . . . . . . . 7 2 Device 12 | . 11 14 11 11 11 11 20 13 Storage 1 | . . . . . . . 8 1 Processor 10 | . . . 9 11 11 11 9 12 Protection 9 | . 11 14 11 11 11 11 3 8 Energy Gun 10 | . 11 18 14 11 11 11 4 10 Energy Cannon 1 | . . . . . . . . 2 Ballistic Gun 7 | . 4 . 7 11 11 10 12 4 Launcher 7 | . 12 9 11 11 11 11 10 3 Peak Build Rating 46 | 5 7 9 14 14 14 18 32 46 Average Rating 27 | 3 6 7 12 14 14 14 28 41 On Entrance 12 | . 5 7 9 14 14 14 17 32 Naked Turns . | . . . . . . . . . Heaviest Build 44 | 5 10 14 17 17 17 18 21 44 Greatest Support 60 | 20 20 20 20 20 20 20 20 60 Greatest Overweight (x) 10 | 1 . . . . . . 5 10 Average Overweight (x) . | . . . . . . . . . Largest Inventory Capacity 5 | 5 5 5 5 5 5 5 5 5 Average Capacity 5 | 5 5 5 5 5 5 5 5 5 Most Carried 5 | 5 5 5 5 5 5 5 5 5 Average Carried 4 | 2 4 4 4 5 4 5 3 4 Final Capacity 5 | 5 5 5 5 5 5 5 5 5 Final Carried 5 | 5 5 4 5 5 5 5 5 3 Class Distribution -------------------- 58% | Skirmisher 19% | Tank 10% | Mutant 9% | Scavenger-Skirmisher Dominant Class ---------------- Mutant | -10/Materials Mutant | -10/Mines Skirmisher | -9/Materials Skirmisher | -9/Mines Skirmisher | -9/Exiles Skirmisher | -8/Mines Skirmisher | -8/Materials Tank | -7/Factory Resources | -11 -10 -10 -9 -9 -9 -8 -8 -7 ----------- Run | Yrd Mat Min Mat Min Exi Min Mat Fac Matter Collected 1894 | 260 88 77 . . . 244 284 941 Remotely . | . . . . . . . . . Salvage Created 2313 | 40 86 140 79 . . 300 621 1047 Parts 158 | 2 10 19 4 . . 31 37 55 Haulers Intercepted 1 | . . . . . . . 1 . Recyclers Shooed 3 | . . . . . . . . 3 Parts Field Recycled . | . . . . . . . . . Retrieved Matter . | . . . . . . . . . Parts Self-Destructed . | . . . . . . . . . Prevented . | . . . . . . . . . Kills | -11 -10 -10 -9 -9 -9 -8 -8 -7 ------- Run | Yrd Mat Min Mat Min Exi Min Mat Fac Combat Hostiles Destroyed 67 | 1 4 8 2 . . 13 10 29 Guns 38 | 1 3 6 . . . 7 4 17 Cannons 2 | . . . . . . . . 2 AOE 27 | . 1 2 2 . . 6 6 10 Classes Destroyed 14 | 1 1 . . . . 2 6 4 Worker 1 | . . . . . . . 1 . Builder 3 | . . . . . . . 1 2 Tunneler 3 | . . . . . . 1 1 1 Hauler 1 | . . . . . . . 1 . Recycler 4 | . . . . . . 1 2 1 Mechanic 1 | . . . . . . . 1 . Watcher 2 | . . . . . . . 1 1 Swarmer 21 | . 2 6 . . . 10 . 3 Grunt 30 | 1 2 2 2 . . 3 7 13 Duelist 1 | . . . . . . . . 1 Protector 2 | . . . . . . . . 2 Sentry 4 | . . . . . . . 3 1 Hunter 4 | . . . . . . . . 4 Programmer 5 | . . . . . . . . 5 Best Kill Streak 6 | 1 4 6 2 . . 5 5 5 Combat Bots Only 6 | 1 4 6 2 . . 4 4 4 Max Kills in Single Turn 5 | 1 2 2 2 . . 5 2 3 Gunslinging . | . . . . . . . . . Exploded 3 | . 1 2 2 . . 3 2 2 Melee . | . . . . . . . . . Uniques/NPCs Destroyed . | . . . . . . . . . Combat | -11 -10 -10 -9 -9 -9 -8 -8 -7 -------- Run | Yrd Mat Min Mat Min Exi Min Mat Fac Hostile Shots Fired 833 | 3 26 22 1 . . 40 70 671 Missed 317 | 2 14 7 1 . . 10 32 251 Damage Taken 4899 | 12 106 154 . . . 275 560 3792 Core 828 | . 23 22 . . . 38 41 704 Absorbed by Shields 568 | . . . . . . . . 568 Redirected to Shielding 73 | . 4 4 . . . 37 28 . Core Remaining (%) 91 | 100 . 82 . . . 90 92 . Volleys Fired 157 | 5 8 15 2 . 1 21 20 85 Largest 3 | 2 2 2 2 . 2 3 3 3 Hottest 220 | 40 80 100 90 . 90 100 141 220 Shots Fired 316 | 10 11 22 4 . 2 42 39 186 Gun 254 | 10 8 19 3 . 2 38 27 147 Cannon 16 | . . . . . . . . 16 Launcher 46 | . 3 3 1 . . 4 12 23 Special . | . . . . . . . . . Kinetic 122 | 10 . . 2 . 1 21 17 71 Thermal 131 | . 8 19 1 . 1 7 7 88 Explosive 46 | . 3 3 1 . . 4 12 23 Electromagnetic 17 | . . . . . . 10 3 4 Robot Hit Streak 13 | 3 5 6 . . . 4 7 13 Robot Miss Streak 8 | 2 1 3 4 . . 6 2 8 Penetration Max 1 | . . . . . . . . 1 Secondary Targets 1 | . . . . . . 1 . . Max Gunslinging Chain 1 | . . . . . . 1 . . Shots Hit Robots 192 | 6 6 15 . . . 16 24 125 Core Hits 179 | 3 7 12 2 . . 15 42 98 Critical Kills . | . . . . . . . . . Critical Parts Destroyed 3 | . . . . . . 1 . 2 Critical Strikes 7 | . 1 1 . . . 2 . 3 Burn 3 | . 1 1 . . . 1 . . Destroy 3 | . . . . . . 1 . 2 Corrupt 1 | . . . . . . . . 1 Melee Attacks . | . . . . . . . . . Impact . | . . . . . . . . . Slashing . | . . . . . . . . . Piercing . | . . . . . . . . . Sneak Attacks . | . . . . . . . . . Combat Hostiles . | . . . . . . . . . Follow-up Attacks . | . . . . . . . . . Damage Inflicted 7105 | 50 168 283 92 . . 640 1257 4615 Guns 3156 | 50 63 175 . . . 300 377 2191 Cannons 265 | . . . . . . . . 265 Explosions 3681 | . 105 105 92 . . 340 880 2159 Melee . | . . . . . . . . . Ramming 3 | . . 3 . . . . . . Kinetic 1328 | 50 . . . . . 191 171 916 Thermal 1948 | . 63 175 . . . 64 153 1493 Explosive 3681 | . 105 105 92 . . 340 880 2159 Electromagnetic 145 | . . . . . . 45 53 47 Impact . | . . . . . . . . . Slashing . | . . . . . . . . . Piercing . | . . . . . . . . . Highest Corruption 6 | . 2 2 . . . . . 6 Average Corruption 3 | . 1 2 . . . . . 3 Corruption Purged . | . . . . . . . . . Corruption Blocked . | . . . . . . . . . Effects 65 | . 1 4 . . . . . 60 Message Errors 15 | . . 1 . . . . . 14 Matter Fused 14 | . . 1 . . . . . 13 Heat Flow Errors 6 | . . 2 . . . . . 4 Energy Discharges 9 | . . . . . . . . 9 Parts Fused 1 | . . . . . . . . 1 Data Loss (minor) 8 | . . . . . . . . 8 Data Loss (major) 4 | . . . . . . . . 4 Misfires 1 | . . . . . . . . 1 Alerts 5 | . 1 . . . . . . 4 Weapon Failures 2 | . . . . . . . . 2 Overload Shots . | . . . . . . . . . Overflow Damage 26 | . . . . . . 1 . 25 Projectiles . | . . . . . . . . . Explosions 26 | . . . . . . 1 . 25 Melee . | . . . . . . . . . Knockbacks . | . . . . . . . . . Impact . | . . . . . . . . . Kinetic . | . . . . . . . . . Secondary . | . . . . . . . . . Self-Inflicted Damage 158 | . . 9 . . . 32 . 117 Shots 9 | . . 1 . . . 2 . 6 Rammed . | . . . . . . . . . Targets Rammed 1 | . . 1 . . . . . . Kicked 1 | . . 1 . . . . . . Crushed . | . . . . . . . . . Highest Temperature 429 | . 73 278 44 . 44 177 112 429 Average Temperature 97 | . 35 104 21 . 29 69 35 112 Received Heat Transfer 1321 | 6 9 45 . . . . 207 1054 Effects 9 | . . . . . . . . 9 Shutdowns 1 | . . . . . . . . 1 Energy Bleed 3 | . . . . . . . . 3 Interference 5 | . . . . . . . . 5 Siege Activations . | . . . . . . . . . Robots Corrupted . | . . . . . . . . . Combat Hostiles . | . . . . . . . . . Parts Fried . | . . . . . . . . . Impact Corruptions . | . . . . . . . . . Robots Melted . | . . . . . . . . . Combat Hostiles . | . . . . . . . . . Parts Melted 6 | . . 1 . . . . . 5 Heat Transferred 4367 | . 259 592 . . . 222 350 2944 Parts Sabotaged . | . . . . . . . . . Parts Stolen . | . . . . . . . . . Parts Stripped . | . . . . . . . . . Power Chain Reactions . | . . . . . . . . . Alert | -11 -10 -10 -9 -9 -9 -8 -8 -7 ------- Run | Yrd Mat Min Mat Min Exi Min Mat Fac Peak Influence 692 | 20 175 278 158 61 . 180 400 692 Initial 107 | . 13 67 107 61 . . 66 93 Average 158 | 4 87 233 116 61 . 45 215 206 Maximum Alert Level 2 | . . 1 . . . . 2 2 Low Security (%) 66 | 100 100 5 100 100 . 100 35 54 Level 1 25 | . . 94 . . . . 40 33 Level 2 8 | . . . . . . . 24 11 Level 3 . | . . . . . . . . . Level 4 . | . . . . . . . . . Level 5 . | . . . . . . . . . High Security . | . . . . . . . . . Max Security . | . . . . . . . . . Squads Dispatched 21 | . . . . . . 1 3 17 Investigation 3 | . . . . . . . 1 2 Extermination 4 | . . . . . . . . 4 Reinforcement 8 | . . . . . . 1 1 6 Assault 2 | . . . . . . . . 2 Garrison 4 | . . . . . . . 1 3 Intercept . | . . . . . . . . . Searches Triggered . | . . . . . . . . . Construction Impeded 4 | . . . . . . 1 1 2 Haulers Reinforced . | . . . . . . . . . Active Scanning Responses . | . . . . . . . . . Cargo Convoy Interrupts 1 | . . . . . . . . 1 Stealth | -11 -10 -10 -9 -9 -9 -8 -8 -7 --------- Run | Yrd Mat Min Mat Min Exi Min Mat Fac Distress Signals 6 | . . . . . . . 2 4 Communications Jammed . | . . . . . . . . . Distress Signals . | . . . . . . . . . Times Spotted 103 | 1 9 7 3 . . 10 14 59 Peak Tracking Total 7 | 1 5 3 2 . . 4 6 7 Tactical Retreats 7 | . . . . . . . . 7 Traps | -11 -10 -10 -9 -9 -9 -8 -8 -7 ------- Run | Yrd Mat Min Mat Min Exi Min Mat Fac Traps Triggered 10 | . 2 . . . . . 1 7 Indirectly . | . . . . . . . . . Trap Hack Attempts . | . . . . . . . . . Triggered . | . . . . . . . . . Disarmed . | . . . . . . . . . Reprogrammed . | . . . . . . . . . Reused . | . . . . . . . . . Traps Extracted . | . . . . . . . . . Installed . | . . . . . . . . . Triggered 1 | . . . . . . . . 1 Machines | -11 -10 -10 -9 -9 -9 -8 -8 -7 ---------- Run | Yrd Mat Min Mat Min Exi Min Mat Fac Machines Disabled 17 | . . . . . . . . 17 Max in Single Turn 4 | . . . . . . . . 4 Machines Repaired . | . . . . . . . . . Machines Dismantled . | . . . . . . . . . Machines Sabotaged . | . . . . . . . . . Overloaded Fab Kills . | . . . . . . . . . Hacking | -11 -10 -10 -9 -9 -9 -8 -8 -7 --------- Run | Yrd Mat Min Mat Min Exi Min Mat Fac Machines Accessed 9 | . 1 . . . 4 . 1 3 Terminals 3 | . 1 . . . . . 1 1 Fabricators . | . . . . . . . . . Repair Stations 1 | . . . . . . . . 1 Recycling Units 1 | . . . . . . . . 1 Scanalyzers . | . . . . . . . . . Garrison Access . | . . . . . . . . . Total Hacks 21 | . 1 . . . 12 . 2 6 Successful 19 | . 1 . . . 12 . 2 4 Failed 2 | . . . . . . . . 2 Catastrophic . | . . . . . . . . . Database Lockouts . | . . . . . . . . . Manual 2 | . . . . . 2 . . . Terminals 5 | . 1 . . . . . 2 2 Fabricators . | . . . . . . . . . Repair Stations 3 | . . . . . . . . 3 Recycling Units 1 | . . . . . . . . 1 Scanalyzers . | . . . . . . . . . Garrison Access . | . . . . . . . . . Terminal Hacks 17 | . 1 . . . 12 . 2 2 Record 16 | . 1 . . . 11 . 2 2 Derelict Proto ID Bank 1 | . . . . . 1 . . . Fabricator Hacks . | . . . . . . . . . Repair Station Hacks 1 | . . . . . . . . 1 Scan Component 1 | . . . . . . . . 1 Recycling Unit Hacks 1 | . . . . . . . . 1 Process 1 | . . . . . . . . 1 Scanalyzer . | . . . . . . . . . Garrison Access Hacks . | . . . . . . . . . Unauthorized Hacks . | . . . . . . . . . Terminals . | . . . . . . . . . Fabricators . | . . . . . . . . . Repair Stations . | . . . . . . . . . Recycling Units . | . . . . . . . . . Scanalyzers . | . . . . . . . . . Garrison Access . | . . . . . . . . . Data Cores Recovered . | . . . . . . . . . Used . | . . . . . . . . . Hacking Detections 4 | . 1 . . . . . 1 2 Full Trace Events 1 | . . . . . . . . 1 Feedback Events . | . . . . . . . . . Feedback Blocked . | . . . . . . . . . Robot Schematics Acquired . | . . . . . . . . . Robots Built . | . . . . . . . . . Authchips . | . . . . . . . . . Time . | . . . . . . . . . Total Robot Build Rating . | . . . . . . . . . Part Schematics Acquired . | . . . . . . . . . Parts Built . | . . . . . . . . . Authchips . | . . . . . . . . . Time . | . . . . . . . . . Total Part Build Rating . | . . . . . . . . . Parts Repaired . | . . . . . . . . . Time . | . . . . . . . . . Parts Recycled . | . . . . . . . . . Recycled Matter . | . . . . . . . . . Retrieved Matter . | . . . . . . . . . Retrieved Components . | . . . . . . . . . Parts Scanalyzed . | . . . . . . . . . Part Schematics Acquired . | . . . . . . . . . Parts Damaged . | . . . . . . . . . Bothacking | -11 -10 -10 -9 -9 -9 -8 -8 -7 ------------ Run | Yrd Mat Min Mat Min Exi Min Mat Fac Used RIF Installer . | . . . . . . . . . Robots Hacked . | . . . . . . . . . Non-combat . | . . . . . . . . . Combat . | . . . . . . . . . Robot Hacks Applied . | . . . . . . . . . Relay Couplers Released . | . . . . . . . . . Fabnet Peak Effective % . | . . . . . . . . . Robots Rewired . | . . . . . . . . . Allies Hacked . | . . . . . . . . . Hacks Repelled . | . . . . . . . . . Allies | -11 -10 -10 -9 -9 -9 -8 -8 -7 -------- Run | Yrd Mat Min Mat Min Exi Min Mat Fac Total Allies . | . . . . . . . . . Largest Group . | . . . . . . . . . Highest-Rated Group . | . . . . . . . . . Highest-Rated Ally . | . . . . . . . . . Total Orders 3 | . . . . . . . 2 1 EXPLORE 2 | . . . . . . . 1 1 RETURN 1 | . . . . . . . 1 . Ally Attacks . | . . . . . . . . . Total Damage . | . . . . . . . . . Kills . | . . . . . . . . . Allies Corrupted . | . . . . . . . . . Allies Melted . | . . . . . . . . . Intel | -11 -10 -10 -9 -9 -9 -8 -8 -7 ------- Run | Yrd Mat Min Mat Min Exi Min Mat Fac Robot Analysis Total . | . . . . . . . . . Derelict Logs Recovered . | . . . . . . . . . Drone Launches 2 | . . . . . . . 1 1 Drone Recoveries 1 | . . . . . . . 1 . Exploration | -11 -10 -10 -9 -9 -9 -8 -8 -7 ------------- Run | Yrd Mat Min Mat Min Exi Min Mat Fac Turns Passed 7407 | 95 353 261 212 98 995 1403 555 3435 Spaces Moved 5360 | 87 389 228 165 82 803 1067 354 2185 Core 88 | 55 . . . . . . 16 17 Treads . | . . . . . . . . . Legs 4183 | 32 12 61 165 82 803 1067 165 1796 Wheels 544 | . 377 167 . . . . . . Hover 545 | . . . . . . . 173 372 Flight . | . . . . . . . . . Fastest Speed 50 | 50 80 80 120 120 120 120 116 112 Average Speed 120 | 78 81 90 120 120 120 120 127 131 Slowest Speed 550 | 120 120 120 120 120 120 120 300 550 Overloaded Moves . | . . . . . . . . . Propulsion Burnouts . | . . . . . . . . . Robots Hopped . | . . . . . . . . . Cave-ins Triggered . | . . . . . . . . . Exploration Rate (%) 47 | 8 58 52 14 32 79 92 43 51 Regions Visited 8 Branch Regions 4 Pre-discovered Areas . | . . . . . . . . . Known Exits Taken 5 | . . . 1 1 1 1 1 . Unknown Exits Taken 3 | 1 1 1 . . . . . . Scrap Searched 2 | . . 1 . . . 1 . . Spaces Dug . | . . . . . . . . . Terrain Destroyed 297 | . 16 22 11 . . 33 92 123 Melee . | . . . . . . . . . Projectile 1 | . . . . . . . . 1 AOE 296 | . 16 22 11 . . 33 92 122 Terrain Rammed . | . . . . . . . . . Walls Destroyed . | . . . . . . . . . Machines Disabled . | . . . . . . . . . Actions | -11 -10 -10 -9 -9 -9 -8 -8 -7 --------- Run | Yrd Mat Min Mat Min Exi Min Mat Fac Total 6018 | 105 416 262 176 81 836 1153 419 2570 Wait 279 | . . . . . 25 58 14 182 Move 5352 | 86 388 227 164 81 802 1066 353 2185 Hop . | . . . . . . . . . Pick Up 75 | 9 8 6 5 . 3 . 11 33 Fast Attach 17 | 1 . . . . . 2 1 13 Attach 55 | 4 4 4 2 . . . 9 32 Detach 6 | . . . . . . . 1 5 Swap 32 | . 2 2 1 . . 4 6 17 Drop 42 | . 6 7 2 . 3 2 4 18 Fire 157 | 5 8 15 2 . 1 21 20 85 Melee . | . . . . . . . . . Ram . | . . . . . . . . . Kick 1 | . . 1 . . . . . . Crush . | . . . . . . . . . Escape Stasis . | . . . . . . . . . Rewire 2 | . . . . . 2 . . . Trap . | . . . . . . . . . Miscellaneous . | . . . . . . . . . Route ------- -11/Scrapyard -10/Materials (discovered 2 exits: *Mat / [*Min]) -10/Mines -9/Materials -9/Mines -9/Exiles (discovered 2 exits: *Min x2) -8/Mines -8/Materials -7/Factory History --------- Turn | Location | Event 2 | -11/Scrapyard | Met Revision 17 66 | -11/Scrapyard | Discovered new exit (range 8) 96 | -11/Scrapyard | Entered Materials 301 | -10/Materials | Build established: Mutant 350 | -10/Materials | Discovered new exit (range 9) 435 | -10/Materials | Discovered new exit (range 6) 449 | -10/Materials | Entered Mines 515 | -10/Mines | Received a Rocket Launcher from a helpful Derelict 536 | -10/Mines | Discovered new exit (range 10) 643 | -10/Mines | Assembled infested the area 710 | -10/Mines | Entered Materials 710 | -9/Materials | Evolved 2 slots: Utility x1, Weapon x1 761 | -9/Materials | Discovered new exit (range 8) 878 | -9/Materials | Met 8R-AWN 921 | -9/Materials | Identified exit to Mines 922 | -9/Materials | Entered Mines 924 | -9/Mines | Followed 8R-AWN into the Mines 925 | -9/Mines | Met a Derelict bent on vengeance 1006 | -9/Mines | Build established: Skirmisher 1015 | -9/Mines | Discovered new exit (range 5) 1018 | -9/Mines | Identified exit to Exiles 1020 | -9/Mines | Entered Exiles 1064 | -9/Exiles | Welcomed by 8R-AWN 1095 | -9/Exiles | Met EX-HEX 1157 | -9/Exiles | Met EX-BIN 1187 | -9/Exiles | Aligned with FarCom system 1188 | -9/Exiles | Given EX-Vault access code 1276 | -9/Exiles | Opened EX-Vault 1311 | -9/Exiles | Warned to stay clear of 0b10 Research branches 1385 | -9/Exiles | Found Supersonic Drone Bay 1446 | -9/Exiles | Met EX-DEC 1534 | -9/Exiles | Visited The Gauntlet 1676 | -9/Exiles | Discovered new exit (range 12) 1713 | -9/Exiles | Identified exit to Mines 1815 | -9/Exiles | Learned about 8R-AWN's background 1841 | -9/Exiles | Discovered exit to Mines (range 14) 2015 | -9/Exiles | Left Exiles lab with Supersonic Drone Bay 2015 | -9/Exiles | Entered Mines 3409 | -8/Mines | Discovered new exit (range 8) 3417 | -8/Mines | Identified exit to Materials 3418 | -8/Mines | Entered Materials 3418 | -8/Materials | Evolved 2 slots: Utility x2 3602 | -8/Materials | Garrison activated, responded to threat 3707 | -8/Materials | Lost 6 parts (1p2n2u1w) 3928 | -8/Materials | Discovered new exit (range 16) 3972 | -8/Materials | Identified exit to Factory 3973 | -8/Materials | Entered Factory 3973 | -7/Factory | Evolved 2 slots: Power x1, Propulsion x1 4224 | -7/Factory | Garrison activated, responded to threat 4680 | -7/Factory | Cargo convoy interrupted 4867 | -7/Factory | Build established: Tank 6415 | -7/Factory | Build established: Scavenger-Skirmisher 6822 | -7/Factory | Build established: Skirmisher 7063 | -7/Factory | Lost 3 parts (1n1u1w) 7173 | -7/Factory | First assault squad dispatched 7382 | -7/Factory | Core integrity fell below 50% 7400 | -7/Factory | Core integrity fell below 20% 7408 | -7/Factory | Destroyed by Y-54 Guardian with Gatling Laser Last Messages --------------- 07399_ K-01 Serf collects debris. 07399_ U-05 Engineer lays Concrete. 07400_ U-05 Engineer builds a Wall. 07401_ U-05 Engineer lays Concrete. 07401_ U-05 Engineer destroyed. 07402_ U-05 Engineer lays Concrete. 07403_ K-01 Serf collects debris. 07403_ U-05 Engineer lays Concrete. 07406_ Acquired Wheel. 07406_ K-01 Serf collects debris. 07406_ U-05 Engineer lays Concrete. 07407_ Acquired 25 matter. 07408_ Hpw. Shotgun destroyed. [Achievement: First Step to Greatness] [Achievement: 5k Club] Important note for Steam players: Cogmind player global achievement rates displayed by Steam are all significantly underreported, in some cases by a huge margin, due to how they are calculated by Valve. Map ----- +----------------------------------------------------+ | ???????????????# ! ???????????????? | | ################ ???????????????? | | + ! ! #??????????????? | | # !!!###########????? | | """ + !!!# #????? | | """ # ! !!!# #????? | | """ # # #????? | | ######+#######+############+# !!#????? | | """" #???????????# + [! #????? | | """" #??????????## ############# " " [! #????? | | """" #??????????+ # #??# "R" #????? | | #??????????## # """ #??# """ #????? | | """ #???????????# # """ #??###########????? | | Y" #???????????# # "S #?????????????????? | | *""" #???????????# + """ #?????????????????? | | % #???????????# # "" #?????????????????? | | * % ######+#????# # #?????????????????? | | = #????# # #?????????????????? | | ##### #????# # #?????????????????? | | #??????????# ########+#?????????????????? | | #??????????# #??????# #?????????????????? | | ###??????????# #####?## #?????????????????? | | ##??????????### g# ## #?????????????????? | | #???????????# ! # #?????????????????? | | #???????????# !=##### ###???????????????? | | #???????????# " g!@u #???????????????? | | #???????????# "T k #???????????????? | | #???????????# Y%% #???????????????? | | #???????????# ! =Y ## #???????????????? | | #???????????#! %%! # #???????????????? | | #???####/#######/### # #???????????????? | | #???# r#?##### ###?????????????? | | #???# #?????# # #######??????? | | #???# """""" #?????# # # #????? | | #####?? """""" #?????# ############# | | +????""""" #?????# = | | #? """""" ####### % %*% | | / / = | | # """"""" ##### % | | +## #?? """"""" #???# !" """" """ | | ??# #????"""""" #???# "" """" """" | | ??# #????"""""" #???# % " "" """" """" | | ??# #?????? #???# """" """" """" | | ??# #?????########???# !! """" """" """"? | | ??+ #????????????????# ! """" """" ""????# | | ??# #????????????????# ?????? | | ??# #????????????????# ?????? | | ??# #??????"?????????############ ????? | | ### #???? """???????????????????? ????? | | #??"" """ """???????????????? ?????? | +----------------------------------------------------+ Best States ------------- Heat Dissipation 48 Coolant Potential 65 Energy Generation 26 Energy Capacity 450 Matter Stores 300 Matter Capacity 300 Sight Range 16 Robot Scan Range 14 Terrain Scan Density 10 Armor Coverage 450 Core Shielding 20 Weapon Shielding 66 Evasion (%) 55 Targeting Accuracy 5 Particle Charging 15 Item Schematics ----------------- None Robot Schematics ------------------ None Fabricated ------------ Nothing Alien Tech Used ----------------- None Achievements -------------- 5k Club Crack Shot Dramatic Entrance First Step to Greatness Librarian Loot Pinata Made in Tau Ceti IV One Hack Too Far Please Form A Line Remodeling Significant Disruption Storm Trooper Tourist Troublemaker Uninvited Guest Challenges ------------ None Game ------ Seed ImpulsePotentialSuit Manual? 0 Play Time 03:27:25 Cumulative 3.4 hours Start 2024.12.25 @ 23:33:49 End 2024.12.28 @ 01:18:00 Sessions 7 Manual Loads 0 Difficulty Rogue Special Mode None Game No. 1 Rogue 1 Adventurer 0 Explorer 0 Win Type - Total 0 Types 0/0/0/0/0/0/0/0/0 Lore% 2 Gallery% 3 Achievement% 5 Wizard Run 0 Options --------- Layout 1 ASCII 0 Keyboard 0 Movement Mouse Keybinds 0 Fullscreen 1 Font 24/Smallcaps Map View 50x35 Zoom Use 0% Tactical HUD 1 Map Filters NONE Filters NONE Steam 1 RUN: 73d81246-1e62-4da0-a74b-190fac06e809